cohdb
Replays
Latest Replays
All Replays
Popular Replays
Top Player Replays
Match Explorer
How It Works
Community
CoH3 Stats
Reddit
Sign in to upload your games and track your stats! →
Sign in with Steam
Match 42006166
Unlisted
Match 42006166
Overview
Messages
Build Orders
End
Construct Infanterie Kompanie
Selects Terror Battlegroup
Kettenkrad Recon Vehicle
MG 42 Machine Gun Team
MG 42 Machine Gun Team
MG 42 Machine Gun Team
Construct Luftwaffe Kompanie
Medical Bunker
Selects Machine Gun Camouflage
Selects Interrogate
Support Elements
Jäger Squad
Wirbelwind Flakpanzer
Infanterie Officer Quarters
Luftwaffe Officer Quarters
Jäger Squad
Construct Panzergrenadier Kompanie
Forward Retreat Point
Pak 40 Anti-tank Gun Team
JJsKaoS
Burnt_Steak
Jd577
Bendana(ultra mechanical player)
玩家
kentaro5272
神奇香蕉
dnjsxorla35
0
0
Comments
sign in to comment!
No comments posted yet!